 Dungeon Crawl Stone Soup version 0.32-a0-672-gff75c0d (webtiles) character file.

Game seed: 6685635358919345481

4 Dorkslayer the Trooper (level 1, -1/16 HPs)
             Began as an Octopode Fighter on Mar 10, 2024.
             Slain by a hobgoblin (4 damage)
             ... on level 1 of the Dungeon.
             The game lasted 00:00:50 (116 turns).

Dorkslayer the Trooper (Octopode Fighter)            Turns: 116, Time: 00:00:51

Health: -1/16      AC:  1    Str: 15    XL:     1   Next: 60%
Magic:  1/1        EV: 13    Int: 10    God:
Gold:   49         SH:  4    Dex: 11    Spells: 0/0 levels left

rFire   . .          .
                       - Unarmed
rCold   . . .        a - +0 buckler
rNeg    . . .        (helmet restricted)
rPois   .            (no amulet)
rElec   .            (no ring)
rCorr   .            (no ring)
SInv    .            (no ring)
Will    .....        (no ring)
Stlth   ++           (no ring)
HPRegen 0.22/turn    (no ring)
MPRegen 0.07/turn    (no ring)
                     (no ring)

%: no passive effects
@: no status effects
A: almost no armour, amphibious, 8 rings, camouflage 1, gelatinous body 1,
(nimble swimmer 1), tentacles
a: no special abilities


You were on level 1 of the Dungeon.
You visited 1 branch of the dungeon, and saw 1 of its levels.

You collected 49 gold pieces.

Inventory:

Armour
 a - a +0 buckler (worn)
Scrolls
 c - a scroll of enchant armour {unknown}
Potions
 b - a potion of might


   Skills:
 + Level 3.1 Fighting
 * Level 3.0 Dodging
 + Level 3.0 Shields
 * Level 2.1 Unarmed Combat


You couldn't memorise any spells.
You didn't know any spells.
Your spell library was empty.

Dungeon Overview and Level Annotations

Branches:
Dungeon (1/15)

Altars:


Innate Abilities, Weirdness & Mutations

You cannot wear most types of armour.
You are amphibious.
You can wear up to eight rings at the same time.
Your skin changes colour to match your surroundings (Stealth+).
Your rubbery body absorbs attacks. (AC +1, EV +1)
((You are camouflaged when in or above water. (Stealth+)))
You have tentacles for arms and can constrict up to eight enemies at once.


Message History

You tentacle-slap the endoplasm.
The endoplasm is moderately wounded.
The endoplasm hits you. The endoplasm freezes you.
You are frozen.
* * * LOW HITPOINT WARNING * * *
You tentacle-slap the endoplasm.
The endoplasm is heavily wounded.
The endoplasm closely misses you.
You tentacle-slap the endoplasm.
You kill the endoplasm!
You now have 39 gold pieces (gained 15).
HP restored.
You open the door.
Found a stone staircase leading down.
A hobgoblin comes into view.
The helpless hobgoblin fails to defend itself.
You tentacle-slap the hobgoblin.
You kill the hobgoblin!
Found 10 gold pieces.
c - a scroll labelled DIARCH XUTEMIO You now have 49 gold pieces (gained 10).
A goblin comes into view. It is wielding a +0 club.
Found a robe and a short sword.
A hobgoblin comes into view.
Found a glowing emerald potion.
The hobgoblin shouts!
The goblin hits you with a +0 club.
You tentacle-slap the goblin but do no damage.
Your grab misses the goblin. Your squeeze misses the goblin.
The hobgoblin hits you. The goblin hits you with a +0 club.
You completely miss the goblin. Your grab misses the goblin.
The goblin hits you with a +0 club. The hobgoblin closely misses you.
You tentacle-slap the goblin.
You kill the goblin!
The hobgoblin hits you.
* * * LOW HITPOINT WARNING * * *
The hobgoblin attacks as it pursues you!
The hobgoblin hits you.
You die...

##########
####........#
.....######.#
###### #.####
.# #....# .#
####.#### .#
#..@.#### .#
#.##g...# .#
#..#!)...#
....
#....)#..#
.###
#....##..# .#
##... .# .#
#.#. .# ##
#.#.# # ....


You could see a hobgoblin.

Vanquished Creatures
  An endoplasm (D:1)
  A goblin (D:1)
  A hobgoblin (D:1)
3 creatures vanquished.

Notes
Turn   | Place    | Note
-------+----------+-------------------------------------------
     0 | D:1      | Dorkslayer the Octopode Fighter began the quest for the
                  | Orb.
     0 | D:1      | Reached XP level 1. HP: 16/16 MP: 1/1
   116 | D:1      | Slain by a hobgoblin

Illustrated notes

Levels and vault maps discovered:
D:1:      shiori_arrival_maze, layout_loops_ring, serial_shops, shop,
          minmay_tromino_v2

Action                     || total
---------------------------++-------
  Melee: Unarmed           ||     7
   Stab: Sleeping          ||     1
 Armour: Skin              ||     7
  Dodge: Dodged            ||     2

Table legend: (Time is in decaauts)
 A = Elapsed time spent in this place.
 B = Non-inter-level travel time spent in this place.
 C = Inter-level travel time spent in this place.
 D = Time resting spent in this place.
 E = Time spent auto-exploring this place.
 F = Levels seen in this place.
 G = Mean time per level.
                   A        B        C        D        E       F      G
               +--------+--------+--------+--------+--------+-----+--------+
         Total |    116 |    116 |      0 |      0 |     90 |   1 |  116.0 |
       Dungeon |    116 |    116 |      0 |      0 |     90 |   1 |  116.0 |
               +--------+--------+--------+--------+--------+-----+--------+

Top non-repeatable levels by time:
     D:1: 116 daAuts
